 Dungeon Sprint DCSS version 0.29-a0-207-gf982a884d8 (webtiles) character file.

Game seed: 4231969725486228883

1491 mhtbhm the Basher (level 8, -1/151 HPs)
             Began as a Troll Berserker on Feb 23, 2022.
             Was a High Priest of Trog.
             Slain by a two-headed ogre
             ... wielding a +0 giant club
              (22 damage)
             ... in the Dungeon (Sprint III: "The Ten Rune Challenge").
             The game lasted 00:01:34 (653 turns).

mhtbhm the Basher (Troll Berserker)                  Turns: 653, Time: 00:01:35

Health: -1/151     AC:  5    Str: 28    XL:     8   Next: 51%
Magic:  7/7        EV: 12    Int:  3    God:    Trog [*****.]
Gold:   24         SH:  0    Dex:  9    Spells: 7/7 levels left

rFire   + . .      SeeInvis .   a - +0 mace
rCold   . . .      Faith    .   (no shield)
rNeg    . . .      Spirit   .   b - +0 animal skin
rPois   .          Reflect  .   (helmet restricted)
rElec   .          Harm     .   j - +0 cloak
rCorr   .          Rampage  .   (gloves unavailable)
Will    .....      NoTele   +   (boots unavailable)
Stlth   ..........              (no amulet)
HPRegen 1.15/turn               (no ring)
MPRegen 0.10/turn               (no ring)

@: berserking, very quick
A: large, unfitting armour, claws 3, regeneration 1, shaggy fur 1, tough skin 1,
fire resistance 1, robust 1
a: Renounce Religion, Berserk, Trog's Hand, Brothers in Arms


You were in the Dungeon.
You worshipped Trog.
Trog was extremely pleased with you.
You visited 1 branch You collected 24 gold pieces.

Inventory:

Hand Weapons
 a - a +0 mace (weapon)
Armour
 b - a +0 animal skin (worn)
 j - a +0 cloak (worn)
Wands
 n - a wand of polymorph (8)
Scrolls
 h - a scroll of blinking
 k - 2 scrolls of torment {unknown}
 l - 4 scrolls of identify
Potions
 c - 3 potions of curing
 e - a potion of haste
 f - 2 potions of magic
 g - a potion of berserk rage
 i - 4 potions of mutation
 m - 2 potions of flight
Miscellaneous
 o - a phial of floods


   Skills:
 + Level 9.3 Fighting
 + Level 12.3 Maces & Flails
 + Level 8.1 Dodging


You had 7 spell levels left.
You didn't know any spells.
Your spell library was empty.

Dungeon Overview and Level Annotations

Branches:
Dungeon (1/1)

Altars:
Cheibriados
Dithmenos
Elyvilon
Fedhas
Gozag
Hepliaklqana
Kikubaaqudgha
Makhleb
Nemelex Xobeh
Okawaru
Qazlal
Ru
Sif Muna
Trog
Uskayaw
Vehumet
Wu Jian
Xom
Yredelemnul
Zin
The Shining One
Beogh
Jiyva
Lugonu


Innate Abilities, Weirdness & Mutations

You are too large for most types of armour.
You have claws for hands.
Your natural rate of healing is unusually fast.
You are covered in fur. (AC +1)
You have tough skin. (AC +1)
Your flesh is heat resistant. (rF+)
You are robust. (+10% HP)


Message History

The two-headed ogre hits you with a +0 giant club!!
The two-headed ogre completely misses you.
You sock the two-headed ogre!
The two-headed ogre is lightly wounded.
You barely miss the two-headed ogre.
The two-headed ogre is lightly wounded.
The two-headed ogre barely misses you.
The two-headed ogre hits you with a +0 dire flail.
You sock the two-headed ogre!
The two-headed ogre is moderately wounded.
The two-headed ogre hits you with a +0 giant club!!
The two-headed ogre closely misses you.
You hit the two-headed ogre but do no damage.
The two-headed ogre is moderately wounded.
You barely miss the two-headed ogre.
The two-headed ogre is moderately wounded.
The two-headed ogre barely misses you.
The two-headed ogre hits you with a +0 dire flail!!
* * * LOW HITPOINT WARNING * * *
You hit the two-headed ogre.
The two-headed ogre is moderately wounded.
You feel much better. The two-headed ogre misses you.
The two-headed ogre hits you but does no damage.
A red film seems to cover your vision as you go berserk!
You feel yourself moving faster!
You feel mighty!
The two-headed ogre hits you with a +0 giant club!
The two-headed ogre hits you but does no damage.
You sock the two-headed ogre!
The two-headed ogre is severely wounded.
You hit the two-headed ogre but do no damage.
The two-headed ogre is severely wounded.
The two-headed ogre hits you with a +0 giant club!!
* * * LOW HITPOINT WARNING * * *
The two-headed ogre barely misses you.
You hit the two-headed ogre.
The two-headed ogre is severely wounded.
You sock the two-headed ogre!
The two-headed ogre is almost dead.
The two-headed ogre hits you with a +0 giant club!!
You die...

..#..#...#__)#._#
..#..###'#'###)##
#'#..#..........#
##...'.⌠........#
##...#..)######'#
#....#.⌠.#__#...#+###########
.....#...#__#...#....#.#. ..
.)...#)###__#...##.#..#.# .#
.....#.::#__#...@##)#.#.##.#
#....#___#__'...#O))#.O#.O#
▓▓▓▓▓▓▓▓▓▓▓▓▓▓▓▓▓▓▓▓▓▓▓▓▓▓▓


You could see a two-headed ogre.

Vanquished Creatures
  A deep elf pyromancer (D)
  A shadow (D)
  A spatial vortex (D)
  A necrophage (D)
  3 two-headed ogres (D)
  A water elemental (D)
  Crazy Yiuf (D)
  A jelly (D)
  Jessica (D)
  A necromancer (D)
  A wizard (D)
  A kobold demonologist (D)
  3 humans (D)
  2 endoplasms (D)
  A rat (D)
20 creatures vanquished.

Notes
Turn   | Place    | Note
-------+----------+-------------------------------------------
     0 | D        | mhtbhm the Troll Berserker began the quest for the Orb.
     0 | D        | Reached XP level 1. HP: 22/22 MP: 0/0
    13 | D        | Reached skill level 3 in Maces & Flails
    26 | D        | Noticed Jessica
    29 | D        | Killed Jessica
    29 | D        | Reached ** piety under Trog
    30 | D        | Reached skill level 4 in Maces & Flails
    30 | D        | Reached XP level 2. HP: 32/32 MP: 1/1
    30 | D        | Reached XP level 3. HP: 39/39 MP: 2/2
   159 | D        | Noticed Crazy Yiuf
   164 | D        | Killed Crazy Yiuf
   165 | D        | Reached skill level 5 in Maces & Flails
   165 | D        | Reached XP level 4. HP: 49/49 MP: 3/3
   224 | D        | Gained mutation: You are robust. (+10% HP) [potion of
                  | mutation]
   224 | D        | Gained mutation: Your flesh is heat resistant. (rF+)
                  | [potion of mutation]
   229 | D        | Noticed a water elemental
   234 | D        | Killed a water elemental
   234 | D        | Reached *** piety under Trog
   235 | D        | Reached skill level 5 in Fighting
   235 | D        | Reached skill level 6 in Maces & Flails
   235 | D        | Reached skill level 5 in Dodging
   235 | D        | Reached XP level 5. HP: 62/62 MP: 4/4
   282 | D        | Found a basalt altar of Yredelemnul.
   282 | D        | Found a shadowy altar of Dithmenos.
   282 | D        | Found a sacrificial altar of Ru.
   282 | D        | Noticed a necrophage
   292 | D        | Killed a necrophage
   293 | D        | Reached skill level 7 in Maces & Flails
   365 | D        | Found a radiant altar of Vehumet.
   365 | D        | Found a shimmering blue altar of Sif Muna.
   365 | D        | Found an ancient bone altar of Kikubaaqudgha.
   368 | D        | Noticed a neqoxec
   369 | D        | Reached **** piety under Trog
   370 | D        | Reached XP level 6. HP: 74/74 MP: 5/5
   374 | D        | Reached skill level 8 in Maces & Flails
   382 | D        | Found a glowing silver altar of Zin.
   382 | D        | Found a glowing golden altar of the Shining One.
   382 | D        | Found a white marble altar of Elyvilon.
   383 | D        | Noticed a deep elf pyromancer
   390 | D        | Killed a deep elf pyromancer
   391 | D        | Reached skill level 10 in Maces & Flails
   391 | D        | Reached XP level 7. HP: 88/88 MP: 6/6
   421 | D        | Found a hide-covered altar of Uskayaw.
   421 | D        | Found an iron altar of Okawaru.
   421 | D        | Found a bloodstained altar of Trog.
   421 | D        | Found an ornate altar of the Wu Jian Council.
   421 | D        | Noticed a human
   421 | D        | Noticed a human
   428 | D        | Killed a human
   428 | D        | Reached ***** piety under Trog
   439 | D        | Killed a human
   440 | D        | Reached skill level 11 in Maces & Flails
   498 | D        | Reached XP level 8. HP: 90/97 MP: 7/7
   529 | D        | Found a blossoming altar of Fedhas.
   529 | D        | Found a stormy altar of Qazlal.
   529 | D        | Found a snail-covered altar of Cheibriados.
   529 | D        | Found a burning altar of Makhleb.
   529 | D        | Found a shimmering altar of Xom.
   530 | D        | Found a hazy altar of Hepliaklqana.
   530 | D        | Found an opulent altar of Gozag.
   530 | D        | Found a sparkling altar of Nemelex Xobeh.
   530 | D        | Found a corrupted altar of Lugonu.
   530 | D        | Found a viscous altar of Jiyva.
   565 | D        | Reached skill level 12 in Maces & Flails
   571 | D        | Received a gift from Trog
   629 | D        | Noticed a two-headed ogre
   653 | D        | Slain by a two-headed ogre

Illustrated notes

Levels and vault maps discovered:
D:        dungeon_sprint_mu [sprint_mu_entry_cave, sprint_mu_temple_rooms,
          sprint_mu_d1_spiders, sprint_mu_d2_genie, sprint_mu_d3_branching,
          sprint_mu_orc_legion, sprint_mu_elf_gauntlet, sprint_mu_hive_nellie,
          sprint_mu_lair_fedhas, sprint_mu_vaults_butterflies,
          sprint_mu_slime_circle, sprint_mu_shoals_kraken,
          sprint_mu_snake_twists, sprint_mu_blade_basic, sprint_mu_crypt_lich,
          sprint_mu_tomb_spiral, sprint_mu_vestibule_basic,
          sprint_mu_gehenna_hellfire, sprint_mu_dis_giant,
          sprint_mu_tartarus_statrot, sprint_mu_cocytus_islands, sprint_mu_zot1]

Skill      XL: |  1  2  3  4  5  6  7  8 |
---------------+-------------------------+-----
Maces & Flails | 4 5 6 7 10 11 12 | 12.3
Fighting       | 3 4 5 6 8 9 |  9.3
Dodging        | 3 4 5 7 8 |  8.1

Action                   |  1- 3 |  4- 6 |  7- 9 || total
-------------------------+-------+-------+-------++-------
Melee: Mace              |    16 |    30 |    66 ||   112
       Punch             |       |       |     1 ||     1
Invok: Berserk           |     3 |     3 |     3 ||     9
  Use: Potion            |       |     1 |     1 ||     2
Armor: Animal skin       |     3 |     5 |     8 ||    16
Dodge: Dodged            |     6 |     9 |    29 ||    44

Table legend: (Time is in decaauts)
 A = Elapsed time spent in this place.
 B = Non-inter-level travel time spent in this place.
 C = Inter-level travel time spent in this place.
 D = Time resting spent in this place.
 E = Time spent auto-exploring this place.
 F = Levels seen in this place.
 G = Mean time per level.
                   A        B        C        D        E       F      G
               +--------+--------+--------+--------+--------+-----+--------+
         Total |    711 |    711 |      0 |    388 |     25 |   1 |  711.0 |
       Dungeon |    711 |    711 |      0 |    388 |     25 |   1 |  711.0 |
               +--------+--------+--------+--------+--------+-----+--------+

Top non-repeatable levels by time:
       D: 711 daAuts
